 Dungeon Crawl Stone Soup version 0.27-a0-421-g7ddf969dea (webtiles) character file.

Game seed: 16465465881011456941

4186 kae the Martial Artist (level 10, -2/80 HPs)
             Began as a Demonspawn Monk on Feb 26, 2021.
             Was a Priest of Wu Jian.
             Slain by a two-headed ogre
             ... wielding a +0 giant club
              (19 damage)
             ... on level 8 of the Dungeon.
             The game lasted 00:09:14 (12007 turns).

kae the Martial Artist (Demonspawn Monk)           Turns: 12007, Time: 00:09:15

Health: -2/80      AC: 18    Str: 15    XL:     10   Next: 8%
Magic:  0/10       EV:  0    Int: 20    God:    Wu Jian [***...]
Gold:   351        SH:  6    Dex: 15    Spells: 9/9 levels left

rFire    . . .     SeeInvis .     - Unarmed
rCold    . . .     Faith    .   (no shield)
rNeg     . . .     Spirit   +   v - +4 crystal plate armour of Red Music {+Inv Int+2 Slay+3}
rPois    .         Reflect  .   (no helmet)
rElec    .         Harm     .   (no cloak)
rCorr    .         Rampage  .   (no gloves)
Will     .....                  (no boots)
Stlth    ..........             l - amulet of guardian spirit
HPRegen  0.23/turn              d - ring of flight
MPRegen  0.12/turn              y - +6 ring of intelligence

@: no status effects
A: hooves 1, large bone plates 2, demonic guardian 2
a: Renounce Religion, Evoke Invisibility, Evoke Flight, Wall Jump, Serpent's
Lash


You were on level 8 of the Dungeon.
You worshipped Wu Jian.
Wu Jian was most pleased with you.
You visited 2 branches of the dungeon, and saw 9 of its levels.
You also visited: Bailey.

You collected 554 gold pieces.
You spent 203 gold pieces at shops.

Inventory:

Armour
 v - the +4 crystal plate armour of Red Music (worn) {+Inv Int+2 Slay+3}
   (You acquired it on level 6 of the Dungeon)

   It affects your intelligence (+2).
   It affects your accuracy and damage with ranged weapons and melee attacks
   (+3).
   It lets you turn invisible.
 w - the +1 leather armour "Xela" {Harm rElec rCorr Str-2}
   (You bought it in a shop on level 6 of the Dungeon)

   It affects your strength (-2).
   It insulates you from electricity.
   It provides partial protection from all sources of acid and corrosion.
   It increases damage dealt and taken.
Jewellery
 b - a ring of fire
 d - a ring of flight (left hand)
 g - an amulet of the acrobat
 l - an amulet of guardian spirit (around neck)
 t - an amulet of reflection
 y - a +6 ring of intelligence (right hand)
Wands
 h - a wand of acid (9)
 r - a wand of polymorph (1)
 x - a wand of flame (30)
 z - a wand of iceblast (10)
Scrolls
 c - 3 scrolls of magic mapping
 o - a scroll of fog
 p - 3 scrolls of teleportation
 q - 2 scrolls of amnesia
Potions
 a - a potion of might
 e - 2 potions of curing
 f - 2 potions of degeneration
 i - 2 potions of lignification
 j - 2 potions of mutation
 k - a potion of heal wounds
 m - a potion of invisibility
 n - a potion of experience {unknown}
 s - a potion of magic {unknown}
 u - a potion of attraction {unknown}


   Skills:
 + Level 7.9 Fighting
 - Level 1.3 Armour
 - Level 3.1 Dodging
 - Level 1.7 Stealth
 * Level 9.9 Unarmed Combat
 * Level 6.6 Evocations


You had 9 spell levels left.
You didn't know any spells.
Your spell library contained the following spells:

 Spells                   Type           Power        Failure   Level
 Corona                   Hex            0%           100%        1
 Shock                    Conj/Air       0%           100%        1
 Ensorcelled Hibernation  Hex/Ice        0%           100%        2
 Swiftness                Air            0%           100%        2
 Confusing Touch          Hex            0%           100%        3
 Dazzling Flash           Conj/Hex       0%           100%        3
 Static Discharge         Conj/Air       0%           100%        3
 Tukima's Dance           Hex            0%           100%        3
 Airstrike                Air            0%           100%        4
 Lightning Bolt           Conj/Air       0%           100%        5


Dungeon Overview and Level Annotations

Branches:
Dungeon (8/15)             Temple (1/1) D:5          Bailey (visited)
   Lair: D:8-11

Altars:
Ashenzari
Cheibriados
Dithmenos
Elyvilon
Fedhas
Gozag
Hepliaklqana
Kikubaaqudgha
Makhleb
Nemelex Xobeh
Okawaru
Qazlal
Ru
Sif Muna
Trog
Uskayaw
Vehumet
Wu Jian
Xom
Yredelemnul
Zin
The Shining One

Shops:
D:6 [

Annotations:
D:6 1 runed translucent door, MartinH's ghost, novice GnTm


Innate Abilities, Weirdness & Mutations

You have large cloven feet.
You are mostly covered in large bone plates. (SH +6)
A demonic guardian rushes to your aid.


Message History

Found a stone staircase leading down.
Found an escape hatch in the ceiling.
Found 13 stones.
A two-headed ogre comes into view. It is wielding two +0 giant clubs.
A two-headed ogre is nearby!
A two-headed ogre is nearby!
You punch the two-headed ogre!
The two-headed ogre is lightly wounded.
The two-headed ogre hits you with a +0 giant club!!
You block the two-headed ogre's attack.
You hit the two-headed ogre. You kick the two-headed ogre!
The two-headed ogre is moderately wounded.
You hit the two-headed ogre. You kick the two-headed ogre.
The two-headed ogre is heavily wounded.
The two-headed ogre hits you but does no damage. x2
You barely miss the two-headed ogre. You kick the two-headed ogre.
The two-headed ogre is heavily wounded.
You block the two-headed ogre's attack.
The two-headed ogre hits you with a +0 giant club!!
You closely miss the two-headed ogre. You kick the two-headed ogre.
The two-headed ogre is heavily wounded.
You are too injured to fight recklessly!
You are too injured to fight recklessly!
You hit the two-headed ogre but do no damage.
You kick the two-headed ogre, but do no damage.
The two-headed ogre is heavily wounded.
The two-headed ogre hits you with a +0 giant club!
The two-headed ogre hits you but does no damage.
You closely miss the two-headed ogre. You kick the two-headed ogre.
The two-headed ogre is severely wounded.
You hit the two-headed ogre. You kick the two-headed ogre.
The two-headed ogre is severely wounded.
The two-headed ogre hits you with a +0 giant club!!
* * * LOW HITPOINT WARNING * * *
You block the two-headed ogre's attack.
You hit the two-headed ogre. You kick the two-headed ogre.
You punch the two-headed ogre, but do no damage.
The two-headed ogre is severely wounded.
The two-headed ogre hits you with a +0 giant club!!
You die...

#.# #.# #....... # ##.## ###.#
#..##### #####...# ###
...#.#####..#### ..)...#.......
...#...........#
..###.....######..(#.##.##...#[#
...###.#........#.##.##.##...# #
......(.#.........##.##.##.....
>..###.##.......O!##.##.###..#.#
......###.......@# #.##.# #..#.#
.###.#.##..(....## .....# ..# #
.# #.##.#......## #..... ... .#
#.###......## .###.###.###.#.##
................#
####.#.#.###.###.# #.#.....#.#
#.. #.#>....#.# ..#


You could see a two-headed ogre.

Vanquished Creatures
  Joseph (D:7)
  Prince Ribbit (D:7)
  A steam dragon (Bailey)
  Duvessa (D:7)
  A black bear (D:3)
  10 orc warriors
  A sky beast (D:6)
  An ice beast (D:4)
  A necrophage (D:7)
  4 centaurs (Bailey)
  A kobold brigand (D:7)
  A phantom (D:7)
  2 bullfrogs (D:7)
  5 killer bees (D:7)
  4 scorpions
  2 howler monkeys
  3 wights (D:7)
  A quasit (D:7)
  A centaur zombie (D:6)
  3 hounds
  A centaur skeleton (D:6)
  2 orc priests (D:6)
  2 iguanas (D:6)
  Ijyb (D:4)
  An orc wizard (D:6)
  3 worker ants
  A killer bee zombie (D:6)
  A hound skeleton (D:7)
  4 gnolls (D:6)
  10 adders
  An ooze (D:2)
  2 adder zombies
  An adder skeleton (D:7)
  A worm (D:3)
  2 dart slugs (D:1)
  9 leopard geckos
  34 orcs
  2 ball pythons
  3 giant cockroaches
  8 goblins
  5 jackals
  10 kobolds
  4 quokkas
  5 bats
  6 frilled lizards
  4 rats
168 creatures vanquished.

Vanquished Creatures (collateral kills)
  A golden eye (Bailey)
  An ogre (D:4)
  Dowan (D:7)
  2 worms
5 creatures vanquished.

Vanquished Creatures (others)
  2 orcs (Bailey)
2 creatures vanquished.

Grand Total: 175 creatures vanquished

Notes
Turn   | Place    | Note
-------+----------+-------------------------------------------
     0 | D:1      | kae the Demonspawn Monk began the quest for the Orb.
     0 | D:1      | Reached XP level 1. HP: 18/18 MP: 1/1
   398 | D:1      | Reached skill level 3 in Unarmed Combat
   575 | D:1      | Gained mutation: A weak demonic guardian rushes to your
                  | aid. [demonic ancestry]
   575 | D:1      | Reached XP level 2. HP: 24/24 MP: 2/2
  1428 | D:2      | Reached XP level 3. HP: 17/29 MP: 3/3
  1859 | D:2      | Found a faded altar of an unknown god.
  2534 | D:3      | Noticed a black bear
  2544 | D:3      | Killed a black bear
  2545 | D:3      | Reached skill level 4 in Unarmed Combat
  2545 | D:3      | Reached XP level 4. HP: 7/37 MP: 4/4
  2545 | D:3      | Reached XP level 5. HP: 8/42 MP: 5/5
  3376 | D:3      | Reached skill level 5 in Unarmed Combat
  4224 | D:4      | Noticed an ogre
  4235 | D:4      | Killed an ogre
  4236 | D:4      | Gained mutation: You are partially covered in large bone
                  | plates. (SH +4) [demonic ancestry]
  4236 | D:4      | Reached XP level 6. HP: 5/49 MP: 0/6
  4543 | D:4      | Noticed an ice beast
  4567 | D:4      | Killed an ice beast
  4969 | D:4      | Noticed Ijyb
  4988 | D:4      | Killed Ijyb
  5234 | D:4      | Found a shadowy altar of Dithmenos.
  5462 | D:5      | Entered Level 5 of the Dungeon
  5493 | D:5      | Reached skill level 5 in Fighting
  5506 | D:5      | Reached skill level 6 in Unarmed Combat
  5668 | D:5      | Reached XP level 7. HP: 54/56 MP: 5/7
  6215 | D:5      | Found a staircase to the Ecumenical Temple.
  6232 | Temple   | Entered the Ecumenical Temple
  6415 | Temple   | Became a worshipper of the Wu Jian Council
  6415 | Temple   | Reached * piety under Wu Jian
  6415 | Temple   | Reached ** piety under Wu Jian
  7230 | D:6      | Reached skill level 7 in Unarmed Combat
  7413 | D:6      | Found a runed translucent door.
  7416 | D:6      | Noticed MartinH's ghost (novice GnTm)
  7590 | D:6      | Found Wawul's Antique Armour Emporium.
  7598 | D:6      | Bought an ichor-stained leather armour for 203 gold pieces
  7598 | D:6      | Identified the +1 leather armour "Xela" {Harm rElec rCorr
                  | Str-2} (You bought it in a shop on level 6 of the Dungeon)
  7791 | D:6      | Identified a scroll of acquirement
  7791 | D:6      | Acquired the +4 crystal plate armour of Red Music {+Inv
                  | Int+2 Slay+3}
  7838 | D:7      | Gained mutation: You have large cloven feet. [demonic
                  | ancestry]
  7838 | D:7      | Reached XP level 8. HP: 60/64 MP: 8/8
  8012 | D:7      | Reached skill level 1 in Armour
  8087 | D:7      | Found a flagged portal.
  8098 | Bailey   | Entered a bailey
  8118 | Bailey   | Reached skill level 1 in Evocations
  8201 | Bailey   | Reached *** piety under Wu Jian
  8360 | Bailey   | Reached skill level 8 in Unarmed Combat
  8377 | Bailey   | HP: 3/65 [orc warrior/+0 trident (8)]
  9328 | Bailey   | Gained mutation: A demonic guardian rushes to your aid.
                  | [demonic ancestry]
  9328 | Bailey   | Reached XP level 9. HP: 59/71 MP: 6/9
 10228 | Bailey   | Reached skill level 9 in Unarmed Combat
 10460 | Bailey   | Reached skill level 5 in Evocations
 10753 | D:7      | Noticed Prince Ribbit
 10788 | D:7      | Killed Prince Ribbit
 10949 | D:7      | Noticed Joseph
 10967 | D:7      | Killed Joseph
 11381 | D:7      | Noticed Duvessa
 11381 | D:7      | Noticed Dowan
 11388 | D:7      | Killed Duvessa
 11389 | D:7      | Gained mutation: You are mostly covered in large bone
                  | plates. (SH +6) [demonic ancestry]
 11389 | D:7      | Reached XP level 10. HP: 79/80 MP: 10/10
 11393 | D:7      | Killed Dowan
 11995 | D:8      | Noticed a two-headed ogre
 12007 | D:8      | Slain by a two-headed ogre

Illustrated notes

Levels and vault maps discovered:
D:1:      heliophobic_arrival_henge, layout_basic
D:2:      layout_basic, chequers_ecumenical_altar_simple,
          amcnicky_mini_rare_corridor_liquid
D:3:      layout_loops_ring
D:4:      layout_basic, kennysheep_mini, uniq_ijyb
D:5:      layout_rooms, minmay_temple_entry_statues_fountains
D:6:      layout_loops_ring, serial_shops, shop, ebering_ghost_reflecting_pool
D:7:      layout_basic, enter_bailey_3, uniq_prince_ribbit1, uniq_joseph,
          uniq_duvessa
D:8:      layout_loops_ring, uniq_psyche
Temple:   kilobyte_greek_temple

Skill      XL: |  1  2  3  4  5  6  7  8  9 |
---------------+----------------------------+-----
Unarmed Combat | 3 4 5 6 7 8 9 |  9.9
Fighting       | 4 5 6 7 |  7.9
Armour         | 1 |  1.3
Dodging        | 3 |  3.1
Evocations     | 3 6 |  6.6
Stealth        | |  1.7

Action                   |  1- 3 |  4- 6 |  7- 9 | 10-12 || total
-------------------------+-------+-------+-------+-------++-------
Melee: Unarmed           |   125 |   171 |   455 |    36 ||   787
       Punch             |     4 |     6 |     8 |     2 ||    20
       Kick              |       |       |    83 |    17 ||   100
Invok: Lunge             |       |       |    34 |     1 ||    35
       Whirlwind         |       |       |     3 |       ||     3
 Abil: Evoke Flight      |       |       |     2 |       ||     2
Evoke: Wand              |       |       |     7 |       ||     7
  Use: Scroll            |     7 |     3 |     7 |       ||    17
       Potion            |     1 |     2 |     4 |       ||     7
 Stab: Sleeping          |     6 |    10 |     2 |       ||    18
       Distracted        |       |       |     1 |       ||     1
Armor: Robe              |     9 |    13 |     5 |       ||    27
       Skin              |       |     2 |       |       ||     2
       Crystal plate arm |       |       |   270 |    14 ||   284
       Leather armour    |       |       |     1 |       ||     1
Dodge: Dodged            |    64 |   105 |    52 |       ||   221
Block: Other             |       |     9 |    46 |     6 ||    61

Table legend: (Time is in decaauts)
 A = Elapsed time spent in this place.
 B = Non-inter-level travel time spent in this place.
 C = Inter-level travel time spent in this place.
 D = Time resting spent in this place.
 E = Time spent auto-exploring this place.
 F = Levels seen in this place.
 G = Mean time per level.
                   A        B        C        D        E       F      G
               +--------+--------+--------+--------+--------+-----+--------+
         Total |  11914 |  11674 |    240 |   1004 |   8667 |  10 | 1191.4 |
       Dungeon |   9166 |   8962 |    204 |    729 |   7211 |   8 | 1145.8 |
        Temple |    219 |    184 |     35 |      0 |    173 |   1 |  219.0 |
        Bailey |   2528 |   2528 |      0 |    275 |   1283 |   1 | 2528.0 |
               +--------+--------+--------+--------+--------+-----+--------+

Top non-repeatable levels by time:
  Bailey: 2528 daAuts
     D:3: 1649 daAuts
     D:2: 1576 daAuts
     D:4: 1424 daAuts
     D:6: 1344 daAuts
     D:7: 1321 daAuts
     D:1: 787 daAuts
     D:5: 783 daAuts
     D:8: 279 daAuts
  Temple: 219 daAuts
